[ AOE2 MATCH · #504695404 ]
UnrankedVikings vs Burmese
Player's team · WIN
Rival team · LOSS
[ REPLAY ANALYSIS · EXTRACTED FROM THE RECORDED GAME ]
Feudal
10:17
Castle
20:51
Imperial
36:56
| APM avg | 77.0 |
| APM peak | 116 |
| eAPM avg | 43.6 |
| Villagers / military | 178 / 252 |
Focus
⚔️ 45.9% · 🌾 54.1%
Archer ×126 · Skirmisher ×56 · Berserk ×44 · Militia ×8 · Trebuchet (Packed) ×8 · Spearman ×4
Feudal
12:11
Castle
19:16
Imperial
48:44
| APM avg | 61.7 |
| APM peak | 116 |
| eAPM avg | 26.6 |
| Villagers / military | 155 / 122 |
Focus
⚔️ 32.1% · 🌾 67.9%
Arambai ×53 · Knight ×39 · Scout Cavalry ×14 · Mangonel ×8 · Battering Ram ×4 · Monk ×3
Match map
Initial resources + every placement click. Lines = walls · curves = elevation contours. ◆ gold · ⬟ stone · ● berries · ✦ relic · ◌ wall gap
Your base· ✓ Closed at 20:51 · 40t walls · no gate
CNZS_98T's base· ✓ Closed at 19:16 · 65t walls · no gate
Smoothed initial terrain · ◌ = detected wall gap · hover for details
Inputs per minute
— 我本善良 - - CNZS_98T
Build order — 我本善良
First 150 of 709 actions detected
| 0:01 | Queue | Villager (Male) |
| 0:01 | Queue | Villager (Male) |
| 0:02 | Build | House |
| 0:03 | Build | House |
| 0:05 | Queue | Villager (Male) |
| 0:06 | Queue | Villager (Male) |
| 1:35 | Queue | Villager (Male) |
| 1:58 | Queue | Villager (Male) |
| 1:58 | Queue | Villager (Male) |
| 2:11 | Build | Lumber Camp |
| 2:26 | Queue | Villager (Male) |
| 2:47 | Queue | Villager (Male) |
| 3:11 | Queue | Villager (Male) |
| 3:11 | Queue | Villager (Male) |
| 3:47 | Queue | Villager (Male) |
| 3:52 | Build | House |
| 4:04 | Queue | Villager (Male) |
| 4:27 | Queue | Villager (Male) |
| 4:27 | Queue | Villager (Male) |
| 4:43 | Build | Barracks |
| 5:21 | Build | House |
| 5:26 | Queue | Villager (Male) |
| 5:37 | Queue | Militia |
| 5:37 | Queue | Militia |
| 5:38 | Queue | Militia |
| 5:49 | Queue | Villager (Male) |
| 6:08 | Build | Mill |
| 6:12 | Queue | Villager (Male) |
| 6:45 | Queue | Villager (Male) |
| 6:53 | Build | House |
| 7:03 | Queue | Villager (Male) |
| 7:17 | Research | Loom |
| 8:07 | Research | Feudal Age |
| 8:26 | Build | Palisade Wall |
| 8:32 | Build | Mill |
| 8:40 | Build | Palisade Wall |
| 8:42 | Build | Palisade Wall |
| 9:07 | Build | Palisade Wall |
| 9:34 | Build | Mining Camp |
| 9:36 | Queue | Villager (Male) |
| 9:48 | Build | Palisade Wall |
| 10:08 | Build | Palisade Wall |
| 10:11 | Build | House |
| 10:17 | Age | Feudal Age |
| 10:21 | Build | Archery Range |
| 10:32 | Queue | Villager (Male) |
| 10:48 | Build | Watch Tower |
| 10:54 | Queue | Villager (Male) |
| 11:02 | Research | Man-at-Arms (upgrade) |
| 11:11 | Build | Palisade Wall |
| 11:18 | Queue | Villager (Male) |
| 11:36 | Queue | Archer |
| 11:45 | Queue | Villager (Male) |
| 12:02 | Build | Farm |
| 12:04 | Build | Farm |
| 12:07 | Build | Farm |
| 12:13 | Queue | Archer |
| 12:13 | Queue | Archer |
| 12:16 | Queue | Villager (Male) |
| 12:43 | Queue | Villager (Male) |
| 13:05 | Queue | Villager (Male) |
| 13:06 | Build | Farm |
| 13:08 | Build | Farm |
| 13:13 | Queue | Villager (Male) |
| 13:16 | Queue | Archer |
| 13:20 | Build | House |
| 13:35 | Build | House |
| 13:44 | Queue | Villager (Male) |
| 13:45 | Build | Farm |
| 13:49 | Build | Farm |
| 13:57 | Build | Farm |
| 14:03 | Queue | Villager (Male) |
| 14:10 | Build | House |
| 14:18 | Queue | Villager (Male) |
| 14:21 | Build | Farm |
| 14:25 | Queue | Archer |
| 14:26 | Queue | Archer |
| 14:49 | Queue | Archer |
| 14:49 | Queue | Villager (Male) |
| 15:10 | Queue | Villager (Male) |
| 15:11 | Build | Farm |
| 15:12 | Build | Farm |
| 15:30 | Queue | Villager (Male) |
| 15:33 | Build | Farm |
| 15:34 | Queue | Archer |
| 15:58 | Queue | Villager (Male) |
| 16:02 | Build | Mining Camp |
| 16:33 | Queue | Villager (Male) |
| 16:57 | Queue | Villager (Male) |
| 16:58 | Queue | Archer |
| 17:22 | Build | Archery Range |
| 17:26 | Build | House |
| 17:46 | Queue | Villager (Male) |
| 17:50 | Build | Blacksmith |
| 18:11 | Research | Castle Age |
| 18:25 | Research | Fletching |
| 18:43 | Research | Horse Collar |
| 18:53 | Build | House |
| 18:59 | Queue | Archer |
| 19:00 | Queue | Archer |
| 19:12 | Queue | Archer |
| 19:17 | Build | House |
| 19:37 | Queue | Archer |
| 19:51 | Build | House |
| 20:13 | Queue | Archer |
| 20:17 | Research | Gold Mining |
| 20:32 | Queue | Villager (Male) |
| 20:39 | Build | Lumber Camp |
| 20:51 | Age | Castle Age |
| 20:53 | Research | Crossbowman (upgrade) |
| 20:53 | Research | Crossbowman (upgrade) |
| 20:59 | Research | Bodkin Arrow |
| 21:11 | Queue | Villager (Male) |
| 21:26 | Queue | Archer |
| 21:26 | Queue | Archer |
| 21:42 | Queue | Villager (Male) |
| 21:43 | Queue | Villager (Male) |
| 21:50 | Queue | Archer |
| 21:53 | Queue | Villager (Male) |
| 22:04 | Build | Town Center |
| 22:12 | Build | House |
| 22:14 | Queue | Archer |
| 22:15 | Queue | Archer |
| 22:34 | Queue | Villager (Male) |
| 22:54 | Queue | Villager (Male) |
| 22:57 | Build | Town Center |
| 23:04 | Research | Padded Archer Armor |
| 23:04 | Research | Padded Archer Armor |
| 23:24 | Queue | Villager (Male) |
| 23:24 | Queue | Archer |
| 23:25 | Queue | Archer |
| 23:49 | Queue | Villager (Male) |
| 23:52 | Build | University |
| 23:58 | Queue | Archer |
| 23:59 | Queue | Archer |
| 24:03 | Queue | Villager (Male) |
| 24:03 | Queue | Villager (Male) |
| 24:10 | Queue | Villager (Male) |
| 24:10 | Queue | Villager (Male) |
| 24:22 | Queue | Villager (Male) |
| 24:22 | Queue | Villager (Male) |
| 24:25 | Build | Farm |
| 24:26 | Build | Farm |
| 24:27 | Build | Farm |
| 24:28 | Build | Farm |
| 24:34 | Queue | Archer |
| 24:35 | Queue | Archer |
| 24:41 | Build | Farm |
| 24:41 | Build | Farm |
| 25:02 | Research | Ballistics |
Build order — CNZS_98T
First 150 of 514 actions detected
| 0:00 | Queue | Villager (Male) |
| 0:01 | Queue | Villager (Male) |
| 0:01 | Queue | Villager (Male) |
| 0:01 | Queue | Villager (Male) |
| 0:02 | Build | House |
| 0:04 | Build | House |
| 1:29 | Queue | Villager (Male) |
| 1:29 | Queue | Villager (Male) |
| 1:55 | Build | Mill |
| 2:03 | Queue | Villager (Male) |
| 2:03 | Queue | Villager (Male) |
| 2:20 | Queue | Villager (Male) |
| 2:49 | Queue | Villager (Male) |
| 3:00 | Queue | Villager (Male) |
| 3:01 | Queue | Villager (Male) |
| 3:25 | Build | House |
| 3:32 | Queue | Villager (Male) |
| 3:50 | Queue | Villager (Male) |
| 4:03 | Queue | Villager (Male) |
| 4:47 | Research | Loom |
| 5:09 | Queue | Villager (Male) |
| 5:09 | Queue | Villager (Male) |
| 5:10 | Queue | Villager (Male) |
| 5:56 | Build | House |
| 5:59 | Queue | Villager (Male) |
| 6:02 | Build | Lumber Camp |
| 6:13 | Queue | Villager (Male) |
| 6:31 | Queue | Villager (Male) |
| 6:48 | Queue | Villager (Male) |
| 7:41 | Queue | Villager (Male) |
| 7:47 | Build | House |
| 8:03 | Queue | Villager (Male) |
| 8:08 | Build | Mill |
| 8:21 | Build | Palisade Wall |
| 8:28 | Build | Palisade Wall |
| 8:32 | Queue | Villager (Male) |
| 9:10 | Build | Palisade Wall |
| 9:18 | Build | Mining Camp |
| 9:19 | Queue | Villager (Male) |
| 9:23 | Build | Palisade Wall |
| 9:38 | Research | Feudal Age |
| 10:03 | Build | Mining Camp |
| 10:24 | Build | Palisade Wall |
| 10:37 | Build | Palisade Wall |
| 11:08 | Queue | Villager (Male) |
| 11:08 | Queue | Villager (Male) |
| 11:29 | Build | Palisade Wall |
| 11:40 | Build | Palisade Wall |
| 12:03 | Build | House |
| 12:08 | Build | Palisade Wall |
| 12:11 | Age | Feudal Age |
| 12:19 | Build | Watch Tower |
| 12:25 | Queue | Villager (Male) |
| 12:59 | Queue | Villager (Male) |
| 13:13 | Build | Mining Camp |
| 13:14 | Queue | Villager (Male) |
| 13:20 | Build | Market |
| 13:24 | Queue | Villager (Male) |
| 13:31 | Build | Stone Wall |
| 13:44 | Build | Blacksmith |
| 13:45 | Queue | Villager (Male) |
| 13:57 | Build | Stone Wall |
| 14:08 | Build | Stone Wall |
| 14:14 | Queue | Villager (Male) |
| 14:45 | Build | Stone Wall |
| 14:46 | Queue | Villager (Male) |
| 16:36 | Research | Castle Age |
| 17:04 | Build | Stone Wall |
| 18:02 | Build | Palisade Wall |
| 18:15 | Build | Stone Wall |
| 18:17 | Build | Stone Wall |
| 18:21 | Research | Horse Collar |
| 18:21 | Research | Horse Collar |
| 18:22 | Queue | Villager (Male) |
| 18:33 | Build | House |
| 18:35 | Build | House |
| 18:37 | Build | Farm |
| 18:43 | Build | Lumber Camp |
| 18:47 | Build | Farm |
| 18:49 | Build | Farm |
| 18:50 | Build | Farm |
| 18:56 | Build | Stone Wall |
| 19:06 | Build | Stone Wall |
| 19:07 | Build | Stone Wall |
| 19:09 | Build | Stone Wall |
| 19:10 | Build | Stone Wall |
| 19:12 | Build | Stone Wall |
| 19:13 | Queue | Villager (Male) |
| 19:16 | Age | Castle Age |
| 19:20 | Build | House |
| 19:23 | Research | Town Watch |
| 19:27 | Build | Stone Wall |
| 19:34 | Build | Castle |
| 19:41 | Build | Farm |
| 19:49 | Queue | Villager (Male) |
| 20:09 | Queue | Villager (Male) |
| 20:23 | Build | Farm |
| 20:30 | Queue | Villager (Male) |
| 20:39 | Queue | Arambai |
| 20:51 | Queue | Villager (Male) |
| 20:54 | Build | Monastery |
| 20:54 | Queue | Arambai |
| 21:00 | Queue | Villager (Male) |
| 21:11 | Build | Outpost |
| 21:14 | Queue | Arambai |
| 21:24 | Queue | Arambai |
| 21:37 | Build | Siege Workshop |
| 21:43 | Queue | Villager (Male) |
| 21:50 | Queue | Villager (Male) |
| 21:51 | Queue | Monk |
| 22:02 | Build | Lumber Camp |
| 22:14 | Build | Outpost |
| 22:19 | Queue | Mangonel |
| 22:25 | Queue | Villager (Male) |
| 22:29 | Queue | Arambai |
| 22:35 | Queue | Villager (Male) |
| 22:53 | Queue | Villager (Male) |
| 23:01 | Queue | Arambai |
| 23:11 | Build | House |
| 23:21 | Research | Padded Archer Armor |
| 23:22 | Queue | Arambai |
| 23:52 | Queue | Mangonel |
| 23:54 | Queue | Villager (Male) |
| 23:56 | Queue | Arambai |
| 24:01 | Build | Mining Camp |
| 24:29 | Queue | Villager (Male) |
| 24:35 | Queue | Mangonel |
| 24:40 | Queue | Villager (Male) |
| 24:41 | Build | House |
| 24:42 | Build | House |
| 24:57 | Build | Town Center |
| 25:01 | Build | House |
| 25:17 | Queue | Monk |
| 25:25 | Build | Outpost |
| 25:30 | Queue | Villager (Male) |
| 25:31 | Build | Farm |
| 25:33 | Build | Farm |
| 25:33 | Queue | Villager (Male) |
| 25:36 | Build | Farm |
| 25:37 | Build | Farm |
| 25:42 | Queue | Mangonel |
| 26:03 | Build | House |
| 26:09 | Queue | Villager (Male) |
| 26:17 | Queue | Villager (Male) |
| 26:28 | Queue | Mangonel |
| 26:31 | Queue | Villager (Male) |
| 26:40 | Build | Outpost |
| 26:42 | Build | House |
| 26:48 | Queue | Villager (Male) |
| 27:06 | Build | Town Center |
Match timeline
| 4:43 | 我本善良 · first_building Barracks |
| 8:21 | CNZS_98T · wall_segment Palisade Wall x1 |
| 8:26 | 我本善良 · wall_segment Palisade Wall x8 |
| 8:28 | CNZS_98T · wall_segment Palisade Wall x1 |
| 8:40 | 我本善良 · wall_segment Palisade Wall x2 |
| 8:42 | 我本善良 · wall_segment Palisade Wall x17 |
| 9:07 | 我本善良 · wall_segment Palisade Wall x7 |
| 9:10 | CNZS_98T · wall_segment Palisade Wall x6 |
| 9:23 | CNZS_98T · wall_segment Palisade Wall x11 |
| 9:48 | 我本善良 · wall_segment Palisade Wall x4 |
| 10:08 | 我本善良 · wall_segment Palisade Wall x1 |
| 10:17 | 我本善良 · age_up feudal |
| 10:21 | 我本善良 · first_building Archery Range |
| 10:24 | CNZS_98T · wall_segment Palisade Wall x6 |
| 10:37 | CNZS_98T · wall_segment Palisade Wall x7 |
| 11:11 | 我本善良 · wall_segment Palisade Wall x1 |
| 11:29 | CNZS_98T · wall_segment Palisade Wall x4 |
| 11:40 | CNZS_98T · wall_segment Palisade Wall x6 |
| 12:08 | CNZS_98T · wall_segment Palisade Wall x7 |
| 12:11 | CNZS_98T · age_up feudal |
| 13:31 | CNZS_98T · wall_segment Stone Wall x7 |
| 13:57 | CNZS_98T · wall_segment Stone Wall x1 |
| 14:08 | CNZS_98T · wall_segment Stone Wall x1 |
| 14:45 | CNZS_98T · wall_segment Stone Wall x4 |
| 15:32 | CNZS_98T · first_market_buy 100 food |
| 16:01 | CNZS_98T · first_market_sell 100 wood |
| 17:04 | CNZS_98T · wall_segment Stone Wall x1 |
| 18:02 | CNZS_98T · wall_segment Palisade Wall x1 |
| 18:15 | CNZS_98T · wall_segment Stone Wall x1 |
| 18:17 | CNZS_98T · wall_segment Stone Wall x1 |
| 18:56 | CNZS_98T · wall_segment Stone Wall x1 |
| 19:06 | CNZS_98T · wall_segment Stone Wall x1 |
| 19:07 | CNZS_98T · wall_segment Stone Wall x1 |
| 19:09 | CNZS_98T · wall_segment Stone Wall x1 |
| 19:10 | CNZS_98T · wall_segment Stone Wall x1 |
| 19:12 | CNZS_98T · wall_segment Stone Wall x1 |
| 19:16 | CNZS_98T · age_up castle |
| 19:27 | CNZS_98T · wall_segment Stone Wall x7 |
| 19:34 | CNZS_98T · first_building Castle |
| 20:51 | 我本善良 · age_up castle |
| 20:54 | CNZS_98T · first_building Monastery |
| 21:37 | CNZS_98T · first_building Siege Workshop |
| 26:54 | 我本善良 · first_market_buy 100 food |
| 33:15 | 我本善良 · first_building Siege Workshop |
| 34:12 | 我本善良 · first_market_sell 100 wood |
| 34:58 | CNZS_98T · first_building Barracks |
| 36:00 | CNZS_98T · first_building Stable |
| 36:56 | 我本善良 · age_up imperial |
| 41:32 | 我本善良 · first_building Castle |
| 42:11 | 我本善良 · first_building Monastery |
| 45:17 | 我本善良 · wall_segment Stone Wall x1 |
| 46:03 | 我本善良 · first_building Stable |
| 48:44 | CNZS_98T · age_up imperial |
| 55:09 | CNZS_98T · resign |
[ AI ANALYSIS · 1 CREDIT ]
What really happened in this match?
Wolo.gg analyzes every decision: build order, eco, micro, common mistakes by bracket. Personalized analysis on WhatsApp or Discord in 30 seconds.
Civ guide
Vikings
Perfil
我本善良